 Dungeon Crawl Stone Soup version 0.28-a0-724-g66f9036eb4 (webtiles) character file.

Game seed: 2500688898077554641

46 AarnesTheHuman the Skirmisher (level 3, 0/30 HPs)
             Began as a Barachi Fighter on Oct 27, 2021.
             Succumbed to an adder's poison
             ... on level 3 of the Dungeon.
             The game lasted 00:01:46 (1855 turns).

AarnesTheHuman the Skirmisher (Barachi Fighter)     Turns: 1855, Time: 00:01:46

Health: 0/30       AC:  7    Str: 18    XL:     3   Next: 68%
Magic:  3/3        EV:  9    Int:  8    God:
Gold:   67         SH:  4    Dex: 11    Spells: 2/2 levels left

rFire   . . .      SeeInvis .   a - +0 long sword
rCold   . . .      Faith    .   c - +0 buckler
rNeg    . . .      Spirit   .   b - +0 scale mail
rPois   .          Reflect  .   (no helmet)
rElec   .          Harm     .   (no cloak)
rCorr   +          Rampage  .   (no gloves)
Will    .....                   (no boots)
Stlth   ..........              g - amulet of the acrobat
HPRegen 0.10/turn               r - ring of resist corrosion
MPRegen 0.08/turn               (no ring)

@: brilliant, lethally poisoned (0 -> -8), attractive, slow
A: amphibious, slowness 1, strong legs 1, +LOS
a: Hop


You were on level 3 of the Dungeon.
You visited 1 branch of the dungeon, and saw 3 of its levels.

You collected 67 gold pieces.

Inventory:

Hand Weapons
 a - a +0 long sword (weapon)
 p - a +1 dagger of venom
Missiles
 j - 16 sling bullets
Armour
 b - a +0 scale mail (worn)
 c - a +0 buckler (worn)
 l - a +0 pair of boots
Jewellery
 g - an amulet of the acrobat (around neck)
 r - a ring of resist corrosion (left hand)
Wands
 t - a wand of flame (20)
Scrolls
 e - a scroll of blinking {unknown}
 f - a scroll of enchant weapon {unknown}
 i - 2 scrolls of identify {unknown}
 k - a scroll of acquirement {unknown}
 m - a scroll of enchant armour {unknown}
 n - 2 scrolls of fog {unknown}
Potions
 d - a potion of might
 h - a potion of haste {unknown}
 o - a potion of attraction
 s - a potion of curing {unknown}


   Skills:
 + Level 4.1 Fighting
 + Level 3.1 Long Blades
 + Level 4.1 Armour
 + Level 3.8 Shields


You had 2 spell levels left.
You didn't know any spells.
Your spell library was empty.

Dungeon Overview and Level Annotations

Branches:
Dungeon (3/15)

Altars:


Innate Abilities, Weirdness & Mutations

You are amphibious.
You cover ground slowly.
You can hop short distances.
You have an extended range of vision and can be seen from far away.


Message History

You block the frilled lizard's attack. You block the adder's attack.
The frilled lizard bites you but does no damage.
You miss the adder.
You feel sick. You block the adder's attack.
The frilled lizard closely misses you.
You miss the adder.
You feel sick.
You are no longer poisoned.
The adder barely misses you. The adder bites you.
The frilled lizard bites you but does no damage.
You hit the adder.
The adder is moderately wounded.
The adder bites you.
You are poisoned.
The adder poisons you! The frilled lizard closely misses you.
You block the adder's attack.
You hit the adder but do no damage.
The adder is moderately wounded.
You feel sick.
The frilled lizard bites you but does no damage.
The adder closely misses you.
The frilled lizard bites you but does no damage.
You closely miss the adder.
The adder is moderately wounded.
You feel sick. The adder bites you but does no damage.
The adder barely misses you. You block the frilled lizard's attack.
You hit the adder.
The adder is almost dead.
You feel sick. The adder bites you but does no damage.
You block the frilled lizard's attack. The adder bites you.
* * * LOW HITPOINT WARNING * * *
You are lethally poisoned!
The adder poisons you!
It was a potion of attraction.
You feel attractive to monsters.
* * * LOW HITPOINT WARNING * * *
You feel sick.
The frilled lizard bites you but does no damage.
You block the adder's attack.
It was a potion of brilliance.
You feel clever all of a sudden.
You die...

#.# #.##.# #.#
###.##.#####
##.#####.#######..........
...................>..##
##.#####.............<.#
#########.#####.#
#####.#####†####..#
#..l.....†......)..
#)@#..#...........#
#S)#..#.#####.##...
#..#.#... .# ## #...###.##
.# #..# ##.# # .... .l.
##.# .... #.# #### #.#


You could see an adder and a frilled lizard.

Vanquished Creatures
  2 adders (D:2)
  A worm (D:3)
  A dart slug (D:2)
  2 ball pythons
  2 bats
  An endoplasm (D:2)
  A giant cockroach (D:1)
  A goblin (D:1)
  4 hobgoblins
  4 kobolds
  A quokka (D:2)
  2 frilled lizards
22 creatures vanquished.

Notes
Turn   | Place    | Note
-------+----------+-------------------------------------------
     0 | D:1      | AarnesTheHuman the Barachi Fighter began the quest for the
                  | Orb.
     0 | D:1      | Reached XP level 1. HP: 18/18 MP: 1/1
   435 | D:1      | Reached XP level 2. HP: 25/25 MP: 2/2
  1058 | D:2      | Reached XP level 3. HP: 3/30 MP: 3/3
  1854 | D:3      | HP: 1/30 [poisoned by an adder]
  1855 | D:3      | Succumbed to an adder's poison

Illustrated notes

Levels and vault maps discovered:
D:1:      dpeg_arrival_renting, layout_basic
D:2:      layout_basic
D:3:      layout_loops_ring, uniq_crazy_yiuf_cottage

Skill      XL: |  1  2 |
---------------+-------+-----
Fighting       | 4 |  4.1
Long Blades    | 3 |  3.1
Armour         | 4 |  4.1
Shields        | |  3.8

Action                   || total
-------------------------++-------
Melee: Long sword        ||    82
 Abil: Hop               ||     1
  Use: Potion            ||     2
Armor: Scale mail        ||    35
Dodge: Dodged            ||    44
Block: Buckler           ||    27

Table legend: (Time is in decaauts)
 A = Elapsed time spent in this place.
 B = Non-inter-level travel time spent in this place.
 C = Inter-level travel time spent in this place.
 D = Time resting spent in this place.
 E = Time spent auto-exploring this place.
 F = Levels seen in this place.
 G = Mean time per level.
                   A        B        C        D        E       F      G
               +--------+--------+--------+--------+--------+-----+--------+
         Total |   2110 |   1999 |    111 |    257 |   1488 |   3 |  703.3 |
       Dungeon |   2110 |   1999 |    111 |    257 |   1488 |   3 |  703.3 |
               +--------+--------+--------+--------+--------+-----+--------+

Top non-repeatable levels by time:
     D:1: 905 daAuts
     D:2: 792 daAuts
     D:3: 412 daAuts
